 Dungeon Crawl Stone Soup version 0.30.1-9-gdf580d7c3d (webtiles) character file.

Game seed: 15998342082642918600

67772 Nonny the Stormcaller (level 15, -5/92 HPs)
             Began as a Tengu Air Elementalist on Sept 28, 2023.
             Was an Initiate of Gozag.
             Slain by a white ugly thing (17 damage)
             ... on level 14 of the Dungeon.
             The game lasted 02:52:06 (26133 turns).

Nonny the Stormcaller (Tengu Air Elementalist)     Turns: 26133, Time: 02:52:06

Health: -5/92      AC: 15    Str:  8    XL:     15   Next: 24%
Magic:  6/31       EV: 24    Int: 30    God:    Gozag
Gold:   5644       SH:  0    Dex: 16    Spells: 13/36 levels left

rFire   + . .        C - +1 quarterstaff (vamp)
rCold   . . .        (shield currently unavailable)
rNeg    . . .        p - +2 robe {rF+}
rPois   .            g - +3 crown of Dyrovepreva {rElec Int+2 SInv}
rElec   +            n - +0 cloak
rCorr   .            F - +2 pair of gloves
SInv    +            (boots unavailable)
Will    +....        (no amulet)
Stlth   +++          U - +6 ring of intelligence
HPRegen 0.35/turn    h - +4 ring of protection
MPRegen 0.22/turn

%: no passive effects
@: gold aura, flying quickly and evasively, studying Short Blades, quick
A: beak, talons 3, nimble flight
a: Renounce Religion, Potion Petition, Call Merchant, Bribe Branch


You were on level 14 of the Dungeon.
You worshipped Gozag.
Gozag was greatly pleased with you.
You visited 3 branches of the dungeon, and saw 20 of its levels.
You also visited: Ossuary.

You collected 6602 gold pieces.
You paid 958 gold pieces to Gozag.

Inventory:

Hand Weapons
 C - a +1 vampiric quarterstaff (weapon)
Missiles
 l - 54 poisoned darts
 z - 6 throwing nets
 K - 3 datura-tipped darts
 R - 5 curare-tipped darts
 Z - 3 atropa-tipped darts
Armour
 g - the +3 crown of Dyrovepreva (worn) {rElec Int+2 SInv}
   (You found it on level 13 of the Dungeon)

   Int:       It affects your intelligence (+2).
   rElec:     It insulates you from electricity.
   SInv:      It lets you see invisible.
 n - a +0 cloak (worn)
 p - a +2 robe of fire resistance (worn)
 r - a +2 chain mail of fire resistance
 F - a +2 pair of gloves (worn)
 G - the +0 leather armour "Qosir" {rElec Str+3}
   (You found it on level 6 of the Dungeon)

   Str:       It affects your strength (+3).
   rElec:     It insulates you from electricity.
Jewellery
 a - a ring of wizardry
 h - a +4 ring of protection (right hand)
 q - the ring of Hel Bawo {Drain Fly rF+ rC++ rCorr}
   (You found it on level 3 of the Dungeon)

   [ring of flight]

   rF:        It protects you from fire.
   rC:        It greatly protects you from cold.
   Fly:       It grants you flight.
   rCorr:     It protects you from acid and corrosion.
   Drain:     It drains your maximum health when unequipped.
 y - a ring of resist corrosion
 H - the ring "Dusoop" {Contam rPois Dex+5}
   (You found it on level 7 of the Dungeon)

   [ring of poison resistance]

   Dex:       It affects your dexterity (+5).
   rPois:     It protects you from poison.
   Contam:    It causes magical contamination when unequipped.
 U - a +6 ring of intelligence (left hand)
 X - a ring of see invisible
Wands
 c - a wand of iceblast (21)
 D - a wand of mindburst (19)
 E - a wand of charming (6)
 L - a wand of light (15)
 N - a wand of flame (12)
 Q - a wand of polymorph (5)
Scrolls
 d - a scroll of silence
 j - 5 scrolls of vulnerability
 t - 3 scrolls of immolation
 u - 6 scrolls of teleportation
 v - a scroll of fear
 I - 3 scrolls of enchant armour
 J - 3 scrolls of identify
 O - a scroll of brand weapon
 S - a scroll of poison
 T - 3 scrolls of magic mapping
 W - a scroll of fog
 Y - a scroll of summoning
Potions
 b - 4 potions of magic
 f - 2 potions of lignification
 i - 6 potions of might
 k - 5 potions of cancellation
 m - 2 potions of ambrosia
 s - 3 potions of curing
 w - 3 potions of mutation
 x - a potion of brilliance
 A - a potion of invisibility
 B - 4 potions of haste
 M - a potion of resistance
 P - a potion of berserk rage
 V - a potion of heal wounds


   Skills:
 + Level 10.2 Fighting
 - Level 10.0 Staves
 + Level 13.8 Dodging
 - Level 4.0 Stealth
 - Level 11.0 Spellcasting
 - Level 5.0 Conjurations
 - Level 1.0 Translocations
 * Level 8.0 Fire Magic
 - Level 17.0 Air Magic
 - Level 1.4 Evocations


You had 13 spell levels left.
You knew the following spells:

 Your Spells              Type           Power      Damage    Failure   Level
a - Shock                 Conj/Air       100%       1d9       1%          1
b - Static Discharge      Conj/Air       100%       2-7/arc   1%          2
c - Swiftness             Air            87%        N/A       0%          3
d - Airstrike             Air            43%        2d(7-23)  1%          4
e - Blink                 Tloc           44%        N/A       3%          2
f - Plasma Beam           Fire/Air       37%        2x1d56    2%          6
g - Fireball              Conj/Fire      26%        3d12      6%          5

Your spell library contained the following spells:

 Spells                   Type           Power      Damage    Failure   Level
 Foxfire                  Conj/Fire      100%       2x1d9     1%          1
 Sticky Flame             Conj/Fire      53%        2d7       2%          4
 Lesser Beckoning         Tloc           44%        N/A       3%          2
 Ignite Poison            Fire/Tmut/Pois 32%        N/A       3%          3
 Ensorcelled Hibernation  Hex/Ice        32%        N/A       4%          2
 Gell's Gravitas          Tloc           22%        N/A       6%          3
 Teleport Other           Tloc           22%        N/A       6%          3
 Spider Form              Tmut/Pois      16%        N/A       10%         3
 Anguish                  Hex/Necr       8%         N/A       30%         4
 Animate Armour           Summ/Erth      32%        N/A       30%         4
 Starburst                Conj/Fire      26%        6d8       32%         6
 Blade Hands              Tmut           8%         N/A       65%         5
 Iron Shot                Conj/Erth      15%        9d4       86%         6
 Ignition                 Fire           29%        3d9       100%        8


Dungeon Overview and Level Annotations

Branches:
Dungeon (14/15)            Temple (1/1) D:4            Lair (5/5) D:10
  Swamp (0/4) Lair:3       Spider (0/4) Lair:3        Slime (0/5) Lair:5
    Orc (0/2) D:12        Ossuary (visited)
 Vaults: D:13-14

Altars:
Ashenzari
Cheibriados
Dithmenos
Elyvilon
Fedhas
Gozag
Hepliaklqana
Kikubaaqudgha
Makhleb
Nemelex Xobeh
Okawaru
Qazlal
Ru
Sif Muna
Trog
Uskayaw
Vehumet
Wu Jian
Xom
Yredelemnul
Zin
The Shining One
Jiyva

Portals:
Trove: D:11 (give 6 scrolls of blinking)

Annotations:
D:9 Josephine


Innate Abilities, Weirdness & Mutations

You have a beak for a mouth.
You have claws for feet.
Your magical nature lets you fly swiftly and evasively.


Message History

You claw the white ugly thing.
The white ugly thing is moderately wounded.
Casting: Static Discharge (safe; 1% risk of failure)
Confirm with . or Enter, or press ? or * to list all spells.
The white ugly thing is struck by an arc of lightning!
The white ugly thing is heavily wounded.
You resist.
You are struck by an arc of lightning.
The white ugly thing is struck by an arc of lightning.
The white ugly thing is heavily wounded.
The white ugly thing is struck by an arc of lightning!
The white ugly thing is almost dead.
The lightning grounds out.
The white ugly thing kicks you. The white ugly thing freezes you!!
Unknown command.
Unknown command.
Unknown command.
Casting: Static Discharge (safe; 1% risk of failure)
Confirm with . or Enter, or press ? or * to list all spells.
The white ugly thing is struck by an arc of lightning.
You kill the white ugly thing!
The white ugly thing is struck by an arc of lightning.
The white ugly thing is heavily wounded.
The lightning grounds out.
The white ugly thing is struck by an arc of lightning.
The white ugly thing is severely wounded.
You resist.
You are struck by an arc of lightning.
The white ugly thing is struck by an arc of lightning.
The white ugly thing is severely wounded.
The lightning grounds out.
The white ugly thing kicks you! The white ugly thing freezes you!
* * * LOW HITPOINT WARNING * * *
Your Fire Magic skill increases to level 8!
Unknown command.
Unknown command.
The white ugly thing attacks as you move away!
The white ugly thing kicks you!
* * * LOW HITPOINT WARNING * * *
The white ugly thing freezes you!
You die...
Your body crumbles into a pile of gold.

#### ######+#..#
#<...$.!..#
#.........###
#........u..#...
#.......@$..'...
#........####..~
#......<.#
#........#
#........+ $
#........#
#........#
#........#
#........#


You could see a white ugly thing.

Vanquished Creatures
  Rupert (D:13)
  A fire dragon (Lair:5)
  4 hydras
  An ice dragon (Lair:5)
  The ghost of laqueoix the Cleaver, a journeyman FoFi of Wu Jian (D:9)
  3 boulder beetles
  2 centaur warriors
  A tengu warrior (D:8)
  4 two-headed ogres
  4 death yaks
  Sonja (Lair:2)
  Nergalle (D:12)
  Lodul (D:12)
  A skeletal warrior (D:9)
  Amaemon (Lair:3)
  2 skysharks (Lair:4)
  4 swamp dragons
  A deep elf pyromancer (D:14)
  2 lindwurms (Lair:5)
  A wolf spider (Lair:3)
  3 ugly things
  A will-o-the-wisp (D:13)
  11 elephants
  2 cyclopes (D:11)
  2 black mambas
  8 cane toads
  An orange demon (Lair:3)
  2 unseen horror zombies (D:9)
  4 gargoyles
  5 rime drakes
  6 torpor snails (Lair:5)
  5 komodo dragons
  5 unseen horror skeletons (D:9)
  6 trolls
  3 tyrant leeches (Lair:5)
  7 hornets (Lair:5)
  Prince Ribbit (D:8)
  9 dream sheep (Lair:5)
  5 blink frogs (Lair:1)
  5 shadows
  A jumping spider (Lair:3)
  Sigmund (D:2)
  3 slime creatures (D:9)
  4 water elementals
  4 flying skulls (D:9)
  2 vampires
  8 wyverns
  6 wraiths (D:9)
  6 basilisks
  38 yaks
  3 steam dragons
  8 vampire mosquitoes
  A swamp worm (Lair:3)
  13 water moccasins
  An acid dragon (D:8)
  3 swamp drakes
  A sky beast (D:6)
  7 orc warriors
  2 ice beasts
  7 black bears
  10 ogres
  A boggart (D:10)
  16 wolves
  10 centaurs
  4 kobold brigands
  8 bullfrogs
  5 gnoll sergeants
  5 scorpions
  5 water moccasin zombies (Ossuary)
  13 wights
  5 howler monkeys
  11 electric eels
  2 quasits (D:7)
  A gnoll bouda (D:5)
  3 hounds
  3 jellies
  8 orc priests
  Jessica (D:2)
  A centaur skeleton (D:9)
  Terence (D:3)
  9 iguanas
  24 orc wizards
  6 hell rats (Lair:5)
  3 mummies
  2 howler monkey zombies (D:9)
  Robin (D:2)
  23 gnolls
  3 howler monkey skeletons (D:9)
  5 adders
  5 shadow imps
  A white imp (D:7)
  3 ufetubi (D:7)
  2 adder zombies (Ossuary)
  3 worms
  3 dart slugs
  37 orcs
  6 endoplasms
  6 giant cockroaches
  18 goblins
  7 hobgoblins
  8 quokkas
  7 ball pythons
  4 bats
  4 gnoll zombies (Ossuary)
  7 hobgoblin zombies (Ossuary)
  34 kobolds
  4 kobold zombies (Ossuary)
  3 orc zombies (Ossuary)
  3 rats
601 creatures vanquished.

Vanquished Creatures (collateral kills)
  A wolf spider (Lair:3)
1 creature vanquished.

Vanquished Creatures (others)
  A jumping spider (Lair:3)
  A wolf (Lair:4)
2 creatures vanquished.

Grand Total: 604 creatures vanquished

Notes
Turn   | Place    | Note
-------+----------+-------------------------------------------
     0 | D:1      | Nonny the Tengu Air Elementalist began the quest for the
                  | Orb.
     0 | D:1      | Reached XP level 1. HP: 10/10 MP: 4/4
    40 | D:1      | Starting vault: THE MAW
   183 | D:1      | Hat past a ball python; west of starting vault.
   241 | D:1      | Reached XP level 2. HP: 14/15 MP: 6/6
   287 | D:1      | +1 dagger of venom from kobold
   366 | D:1      | Reached skill level 5 in Air Magic
   374 | D:1      | +4 AC ring from goblin near trees in northwest
   381 | D:1      | Learned a level 2 spell: Static Discharge
   439 | D:1      | Found a faded altar of an unknown god.
   451 | D:1      | Faded altar within the trees.
   686 | D:2      | Reached XP level 3. HP: 19/19 MP: 3/7
   784 | D:2      | Noticed Sigmund
   808 | D:2      | Killed Sigmund
   809 | D:2      | Reached skill level 7 in Air Magic
   809 | D:2      | Reached XP level 4. HP: 14/24 MP: 8/8
   809 | D:2      | Gained mutation: Your magical nature lets you fly swiftly
                  | and evasively. [Tengu growth]
   809 | D:2      | Reached XP level 5. HP: 16/28 MP: 9/9
   809 | D:2      | Blundered into victory. B)
   832 | D:2      | Learned a level 3 spell: Swiftness
   836 | D:2      | Noticed Robin
   855 | D:2      | Killed Robin
   999 | D:2      | Reached XP level 6. HP: 32/32 MP: 10/10
  1163 | D:2      | Reached skill level 8 in Air Magic
  1181 | D:2      | Noticed Jessica
  1187 | D:2      | Killed Jessica
  1191 | D:2      | She has a +2 draining dagger and +2 robe of fire
                  | resistance.
  1210 | D:2      | Got Jessica's Grimoire of Topology
  1211 | D:2      | It contains Blink.
  1331 | D:3      | First orc wizard slain. First orcs in general seen.
  1429 | D:3      | Identified the ring of Hel Bawo {Drain Fly rF+ rC++ rCorr}
  1431 | D:3      | I
  1431 | D:3      | I'll put it on later. It seems to be in the northwest of
                  | the floor.
  1554 | D:3      | Plate armour in northeast corner.
  1688 | D:3      | Noticed Terence
  1695 | D:3      | Killed Terence
  1697 | D:3      | He has a +2 chain mail of fire resistance.
  1800 | D:3      | NEANEWKUXOE - brand weapon
  1801 | D:3      | UPOTE YTETEAVOZI - silence
  2146 | D:4      | VUAXZOBROC - teleportation
  2237 | D:4      | Crystal wall maze vault in eart.
  2352 | D:4      | Found a sand-covered staircase.
  2363 | D:4      | Ossuary entrance towards center of floor.
  2413 | Ossuary  | Entered an ossuary
  2429 | Ossuary  | Reached skill level 1 in Fighting
  2429 | Ossuary  | Reached XP level 7. HP: 38/38 MP: 10/12
  2481 | Ossuary  | Learned a level 4 spell: Airstrike
  2941 | D:4      | Found a sparkling altar of Nemelex Xobeh.
  3243 | D:4      | Found a staircase to the Ecumenical Temple.
  3259 | D:4      | Temple entrance: A humble crystal wall rectangle. Western
                  | side of floor, but not too west (Nemelex is over there).
  3260 | Temple   | Entered the Ecumenical Temple
  3494 | Temple   | Temple: two prongs with circle rooms.
  3524 | Temple   | Became a worshipper of Gozag Ym Sagoz the Greedy
  3727 | D:5      | Entered Level 5 of the Dungeon
  3732 | D:5      | Reached XP level 8. HP: 44/45 MP: 2/15
  3774 | D:5      | Reached skill level 5 in Conjurations
  3785 | D:5      | Found a snail-covered altar of Cheibriados.
  3831 | D:5      | Black bear + iguana combo!
  3941 | D:5      | FIRST OGRE SLAIN. It was in the northeast.
  4033 | D:5      | Reached skill level 5 in Spellcasting
  4166 | D:5      | +2 pair of gloves in southwest
  4301 | D:6      | Reached skill level 9 in Air Magic
  4328 | D:6      | Identified the +0 leather armour "Qosir" {rElec Str+3}
  4331 | D:6      | Reached XP level 9. HP: 50/52 MP: 3/18
  4403 | D:6      | silvery potion - curing
  4403 | D:6      | LOUQ EREYDD - identify
  4404 | D:6      | white potion - flight
  4406 | D:6      | murky clear potion - cancellation
  4510 | D:6      | Book of Displacement
  4524 | D:6      | +6 ring of strength in south.
  4593 | D:6      | sapphire potion - ambrosia
  4594 | D:6      | dark potion - mutation
  4595 | D:6      | fuming brown potion - brilliance
  4596 | D:6      | yellow potion - haste
  4781 | D:6      | Reached skill level 10 in Air Magic
  4796 | D:6      | fizzy emerald potion - degeneration
  5079 | D:7      | Never seen the demonic trees before.
  5134 | D:7      | There's a jamboree of orcs, orc wizards, and minor demons.
  5153 | D:7      | Found a shadowy altar of Dithmenos.
  5355 | D:7      | First shadow slain.
  5468 | D:7      | Reached skill level 11 in Air Magic
  5469 | D:7      | fizzy amethyst potion - invisibility
  5486 | D:7      | I think there's an unseen horror here.
  5699 | D:7      | Oh yeah. I found a manual of short blades on this floor.
  5781 | D:7      | Found a basalt altar of Yredelemnul.
  5818 | D:7      | Reached XP level 10. HP: 56/56 MP: 16/22
  5851 | D:7      | Found a stormy altar of Qazlal.
  5922 | D:7      | Gnoll and kobold jamboree!
  6127 | D:7      | Identified the ring "Dusoop" {Contam rPois Dex+5}
  6302 | D:7      | First troll in the west.
  6685 | D:8      | YDOESEISUQU - fear
  6686 | D:8      | NUINLA LOMOBRU - immolation
  6687 | D:8      | KEUXIE KIRAEH - magic mapping
  6688 | D:8      | NECZIRERUE - enchant weapon
  6689 | D:8      | MUL AFOGGAE - scroll of poison
  6690 | D:8      | JIWNEENASE - enchant armour
  6691 | D:8      | DOBBIMPYUHI - blinking
  6692 | D:8      | NELAZU WIOSAEKKI - vulnerability
  6745 | D:8      | Noticed a tengu warrior
  6745 | D:8      | Noticed a brown ugly thing
  6745 | D:8      | Noticed a centaur warrior
  7064 | D:9      | Reached skill level 12 in Air Magic
  7093 | D:9      | Found a transporter.
  7094 | D:9      | Noticed laqueoix's ghost (journeyman FoFi)
  7095 | D:9      | Noticed a two-headed ogre
  7095 | D:9      | Noticed a two-headed ogre
  7100 | D:9      | Identified the +8 great mace of Raxy {distort, Str-4 Dex+3
                  | Stlth+}
  7100 | D:9      | Identified the +4 dire flail of the Pyrrhic Victory {holy,
                  | rN+}
  7100 | D:9      | Noticed a two-headed ogre
  7103 | D:9      | Found a transporter.
  7366 | D:9      | Reached skill level 5 in Dodging
  7670 | D:9      | Noticed a skeletal warrior
  7672 | D:9      | Reached skill level 13 in Air Magic
  7860 | D:9      | Reached XP level 11. HP: 62/62 MP: 12/25
  8169 | D:9      | Reached skill level 10 in Spellcasting
  8347 | D:9      | First yaks! Southeast corner.
  8362 | D:9      | Reached skill level 14 in Air Magic
  8526 | D:9      | First orc priest.
  8742 | D:9      | Killed a skeletal warrior
  8879 | D:9      | Noticed Josephine
  8991 | D:8      | Killed a brown ugly thing
  9121 | D:8      | Killed a centaur warrior
  9354 | D:8      | Killed a tengu warrior
  9355 | D:8      | Reached skill level 15 in Air Magic
  9456 | D:8      | Noticed a two-headed ogre
  9459 | D:8      | Killed a two-headed ogre
  9941 | D:8      | Reached skill level 1 in Staves
 10098 | D:8      | Noticed Prince Ribbit
 10101 | D:8      | Killed Prince Ribbit
 10102 | D:8      | Reached skill level 16 in Air Magic
 10102 | D:8      | Reached XP level 12. HP: 68/68 MP: 23/28
 10164 | D:8      | Noticed a two-headed ogre
 10168 | D:8      | Killed a two-headed ogre
 10476 | D:8      | My favorite vault. :)
 10522 | D:9      | Downhatch on D:8 leads to nearby ghost vault.
 10620 | D:9      | Killed laqueoix's ghost
 10621 | D:9      | Reached skill level 5 in Fighting
 11033 | D:10     | Entered Level 10 of the Dungeon
 11071 | D:10     | First orc warrior.
 11119 | D:10     | Reached skill level 17 in Air Magic
 11365 | D:10     | Found a white marble altar of Elyvilon.
 11836 | D:10     | Found a staircase to the Lair.
 11898 | D:10     | Found a broken altar of Ashenzari.
 12120 | D:10     | Found a bloodstained altar of Trog.
 12398 | D:11     | Cyclops!
 12463 | D:11     | Found a portal to a secret trove of treasure.
 12587 | D:11     | Reached skill level 5 in Staves
 12789 | D:11     | Noticed Maurice
 12790 | D:11     | Maurice changed into Maurice the boggart
 12790 | D:11     | Noticed Maurice
 12863 | D:11     | Note: howler monkeys around a alarm trap and gargoyle
                  | around center of floor.
 12965 | D:11     | Alarm trap in northeast corner too I guess.
 12983 | D:10     | HP: 1/69 [gnoll sergeant/+1 heavy spear (6)]
 12991 | D:10     | Killed Maurice the boggart
 13728 | D:12     | Noticed Nergalle
 13736 | D:12     | Killed Nergalle
 13737 | D:12     | Reached skill level 1 in Evocations
 14277 | D:12     | metallic cyan potion - lignification
 14570 | D:12     | Noticed a boulder beetle
 14580 | D:12     | Killed a boulder beetle
 14926 | D:12     | Noticed Lodul
 15007 | D:12     | Reached XP level 13. HP: 16/74 MP: 20/29
 15375 | D:12     | Found a staircase to the Orcish Mines.
 15469 | D:12     | Killed Lodul
 15519 | Lair:1   | Entered Level 1 of the Lair of Beasts
 15594 | Lair:1   | metallic black potion - berserk rage
 15710 | Lair:1   | Learned a level 2 spell: Blink
 15801 | Lair:2   | Death yaks.
 16894 | Lair:1   | RIUTZO QULAOTU - amnesia
 16895 | Lair:1   | VAOPLA IMAQIOR - fog
 17653 | Lair:2   | Reached skill level 10 in Dodging
 17855 | Lair:2   | Noticed Sonja
 17859 | Lair:2   | Killed Sonja
 18072 | Lair:2   | Book of Fire
 18079 | Lair:2   | Learned a level 6 spell: Plasma Beam
 18488 | Lair:3   | Reached skill level 1 in Translocations
 18688 | Lair:3   | Found a hole to the Spider Nest.
 18714 | Lair:3   | Reached skill level 1 in Fire Magic
 18721 | Lair:3   | Spider's Nest is going to be a problem.
 18907 | Lair:3   | Noticed Amaemon
 19086 | Lair:3   | FIRST HYDRA KILL
 19205 | Lair:3   | Reached skill level 10 in Staves
 19357 | Lair:3   | Killed Amaemon
 19509 | Lair:3   | Found a staircase to the Swamp.
 19545 | Lair:3   | Reached XP level 14. HP: 83/83 MP: 10/30
 19726 | Lair:4   | Found a shimmering blue altar of Sif Muna.
 19749 | Lair:4   | amulet of guardian spirit - thick citrine amulet
 19800 | Lair:4   | Freaking black mamba.
 19808 | Lair:4   | HP: 3/83 [wolf (6)]
 20851 | Lair:5   | Entered Level 5 of the Lair of Beasts
 20985 | Lair:5   | Found a viscous altar of Jiyva.
 20985 | Lair:5   | Found a staircase to the Slime Pits.
 21181 | Lair:5   | pink potion - heal wounds
 21623 | Lair:5   | Found a runed translucent door.
 22065 | Lair:5   | Reached skill level 5 in Fire Magic
 23008 | Lair:5   | inky potion attraction
 23023 | Lair:5   | Lair endvault: dragon swamp
 23030 | Lair:5   | KAMMEMEYRCH - summoning
 23168 | Lair:5   | Everburning Ecnyclopedia: Ignite Poison, Sticky Flame, and
                  | Ignition
 23330 | Lair:5   | Plasma Beam used three times on ice dragon to get to its
                  | gold hoard.
 23423 | Lair:5   | Lair endvault: creepy crawlies
 23788 | Lair:5   | Learned a level 5 spell: Fireball
 24018 | Lair:5   | All that for a potion of ambrosia and +0 leather armour
                  | with rF+.
 24469 | D:13     | Identified the +8 falchion of the Shoals {freeze, *Noise
                  | rF++ rCorr Stlth+}
 24472 | D:13     | Reached XP level 15. HP: 80/92 MP: 14/31
 24569 | D:13     | Noticed Rupert
 24578 | D:13     | Killed Rupert
 24579 | D:13     | Reached skill level 10 in Fighting
 25732 | D:13     | Found the +3 crown of Dyrovepreva {rElec Int+2 SInv}
 25737 | D:13     | Book of Iron
 25744 | D:13     | Hoo boy. This is found in the center of the floor that can
                  | be accessed from the south or east; Passwall could work too
                  | I guess.
 26133 | D:14     | Slain by a white ugly thing

Illustrated notes ######### #.......# #.#####.# #.# #.# #.# #.# #.#####.# #†#.#.#.# #.......# #...@...# #.......# #.#.#.#.# #.#####.# #8†8# 8.8 #....# ...# ....... ..# .....#### .....). Turn 40 on D:1: Starting vault: THE MAW ..# ... #.# #.# ##.# #... ###### #########.# #....# #.......#.# #..@.# #.#####.#.. #....# #.# #.#.. #....# #.# #.#.. #....# #.#####.#.. #....# #†#.#.#.#.# #....# #.......#.# #....# #...<...#.# #....# #.......#.# #....### #.#.#.#.#.# Turn 183 on D:1: Hat past a ball python; west of starting vault. .. ..# #. ...# #. ...# #. ....# ### ###. ##... .... ... ... ..####.#.# ...#...@.## #.##.##...# .# #.##.##...# #.# ##.##.##...# #.# #.....##...# #.# #########.##.##...# #.# # #.......#.##.##...# #.####.## #.#####.#....##...###........ #.# #.#.................... Turn 287 on D:1: +1 dagger of venom from kobold ###.....[g## .......... #.......# #.......# #####....#..# ............############### ...........)r..†..†........ .♣......##.############### ♣.♣....♣♣@.# ♣♣♣♣♣..♣.# ♣.♣.♣.# ♣.♣♣.♣... ♣♣ ♣♣.....# ♣....# ###### ##### #....# #....# #....# Turn 374 on D:1: +4 AC ring from goblin near trees in northwest ###.....[g## .......... #.......# #.......# #####....#..# ............############ ...........)...†..†..... .♣......##.############ ♣.♣...@♣♣).# #.. ♣♣♣♣♣..♣.## #.. ♣♣...♣.♣.♣.#### #.. ♣.♣♣♣.♣♣.♣....# #.♣♣♣♣.♣♣♣♣♣♣.....# #..♣ ♣♣.♣♣♣ ♣♣....# ###### #..♣ ♣.♣..♣♣♣.##### #....# #..♣♣._♣♣♣♣♣..# #....# ##).♣♣♣♣♣.♣♣♣.#### #....# Turn 451 on D:1: Faded altar within the trees. #.####.# ####### #.# #.# #.....# #.# #.# #.....##### #.# #.# #.>.......# #.####.######### ##'#.)###.# #............... #....###.########.#.....†.. #.#......)........#.######. #.#...B..g@................ ##....#####..#...###.#.##.#. #....## ##...### #.#.##.#. gg...'...@+ ....... #.# ##... ....##....# ####...# #.# ###. ... #...... ...... #. .. ###.....$ ###... #. . ...... .#. #. ...... #+ Turn 809 on D:2: Blundered into victory. B) ...###.....#.#.#...#..... ....##.....#.......#.##### .....'.....#.......#.## .....#.......#####....# .....###....##...##...# ......###...#?....#...# ....#..###..#:...?#...# ######..##..#....(#..## ####.....#..##.†@##..# .........##..##'##...# ...........#.........## ........##............... ........'.......##.#.#### ........#####......#.# ....##### ##.#.#...†# ....# #.......#.# #'### #..#.##.#>#### Turn 1191 on D:2: She has a +2 draining dagger and +2 robe of fire resistance. ....#.#.......#.#.#........###### ###.#.#.......#.#.#........# ......###.....#.#.#...#..... ###....##.....#.......#.##### ........'.....#.......#.## ###.....#.......#####....# #.....###....##...##...# #......###...#?....#...# #....#..###..#@....#...# #######..##..#....(#..## #######.....#..##.†)##..# ............##..##'##...# ..............#.........## ...........##............... ..(........'.......##.#.#### ...........#####......#.# .......##### ##.#.#...†# Turn 1211 on D:2: It contains Blink. ...##...# .....#.# ...o..# # .).... .# ..#.# ... ##.#.# ...# ###..#.####....# #....@.......... .....#####.##.##. ?.# ##.#.##.##. #..<........ +.......##..... ####....# .... ##.#.. ... ####.. ## .## Turn 1331 on D:3: First orc wizard slain. First orcs in general seen. ## #.## #. #...##. . #######....... ### .# #.....@## #..## .. #.......# .....##. #.####.#.# #..... #.# #.##... #.... #.####.# ##. ##..)) #....#.# #... #....) #.##.#.# #.##......##. #.##.#.# #..###..###.. #.##.#.#####...####.... Turn 1431 on D:3: I ##........#........##.##### ##...###.###.#######.#<...# .........# #.# ##.###.# ...#.##### #.# ### #.# ...#.# ##+# #.# .....# ##...# #.# .##### #.....# ####.# # .......## ##.##.# .......@####†..#.# ...>....'........# ........####...#.# .......## ##.##.# #.....# ####.# ##...# #.# ##+# #.# #.# .# Turn 1554 on D:3: Plate armour in northeast corner. #.# #.# #.# #.# #### #.# ... #.# ###.###.## #........#.# #.#..@.>..# ###....#.# #.....#.###.# #######.# ## #.# #+# Turn 1697 on D:3: He has a +2 chain mail of fire resistance. ##...####.........##.#...# #...## ##.......## # . ##.## ##.....## #.# ##...## #.# ##'## #.# #.# #.##### #.# #...(.# ##.## #####.# ##.@^#.# #.####......## #.............# ########.##.#... ### ..... #### Turn 1800 on D:3: NEANEWKUXOE - brand weapon ##...####.........##.#...# #...## ##.......## # . ##.## ##.....## #.# ##...## #.# ##'## #.# #.# #.##### #.# #...(.# ##.## #####.# ##.@^#.# #.####......## #.............# ########.##.#... ### ..... #### Turn 1801 on D:3: UPOTE YTETEAVOZI - silence # .. #.> #... ..... # ......###.# .....r>@..# ......##....... ..... ....### #... ..### ... ### ## Turn 2146 on D:4: VUAXZOBROC - teleportation ######### ##########.......## ........)..##.....## ##########.#..#....# #..##.##..# ##@##.♣.##.## ##.####)####[## #..#.#.###.#..# ####.#.8.###.⌠†#.# #.....#.###.#.#..# #.###..###.#.#..## #.....###.⌠.###.# ###...##.#.#.#..## #...#.###.#.#..# Turn 2237 on D:4: Crystal wall maze vault in eart. ##.#⌠#.###.###.## #.###...##.#. ...###.......##.### #.# #...#.### ##.....###.#.#....# #.# #..#.⌠.## ####### ##..[###.# #.# #...#.#.# ##.##...###.# #.#.#### ###.#..#..##†###.##.##.♣ #.....###.......>....##. #.#..##∩##...###.####..# #...##.@.##..###. #... #..##.....##..##. #.## #.#####'#####.# #.# #.............# #.# ###.####.#.#.## #.# #.#..... #.# #.###.#.# #.# #.# #..... #.# ##..... Turn 2363 on D:4: Ossuary entrance towards center of floor. ##_## #..##...##.###.... ##.#.## #......<..#....... #.#...# #.########.###.... #...#.# #.# ######.# ##... ##†#..# #.# #...##.# ##.. ##..## ####'####..##.# ##. ##..#.# #.......#.....# #. #..#..###.......#....## #. #.#...#.'...@...'....#### #. ##..#####.......#..#....# #. ###.##.##.......#...###.# ##. #...##.###########.## #.# #.. ##.####.# #.# #.#.## #.# #.. #.†)# #.# #.# #.#.# #.# #.# #...# #.# #.# #.#.#####.###.# #...# #.####.# #.#...........# ##.## #....#.# #.#######.###.. Turn 3259 on D:4: Temple entrance: A humble crystal wall rectangle. Western side of floor, but not too west (Nemelex is over there). ##### ##'## ##...###...##### #.....#........#### #.._..'..⌠........### ## #.....#.............## ##. ##...###.............# #.. ##### ##'####.......## #.. ##...######.....###.. #...@.# ###....###. #.._..# ##.....## #.....# #####....... ##...## ##...##....8. ##### #.....#...... #.._..'...... ##### #.....#...... ##...## ##...##....8. #.....# #####....... Turn 3494 on Temple: Temple: two prongs with circle rooms. .... l.... h.... ########### #<.).. #.......... ...... #.##...#######...... #....).............. #..#########..#.... #..# ..... #@.# # ## .# #..#.......#..# $.# #.# #..#.......#.## #.# #..#. #..^..._...^.########.##..#. #..#...... #................ #..#...... #.............### ##.# ..... #................ #.####^####......).....# #............#######.### Turn 3831 on D:5: Black bear + iguana combo! ######### ######### #.......# #........ #.......# #........ #.......# #........ #.......# #........ #########<.)....####### ##.###... ......................# ##.# ###. .#######........@.$...###..# #. ..........................## ## ######..#.......###....#### .... #..######.## ##.#.# .....#..# #..# ##.#.... .....#.## ##.###..#....# ._...^.########.##..#..##.# .....#................## .# .....#.............#### # Turn 3941 on D:5: FIRST OGRE SLAIN. It was in the northeast. #...# ####......######## ###.###..........#...... #.##..##..#......##### #...........###..## #.######.#### ##..# ## #.# #.# ##.# #. #... ##.# #.###. ###.##...## #...#. #..@....# ###... ###.#...### ###. #####...<....# ## #.....##...#....####### #.....##...# ##.......# #......# ### #######.. #......### ###. #........###########... ########.............## Turn 4166 on D:5: +2 pair of gloves in southwest #............ #....##...... ###..# ...### #.).# ..# #.#.# ..# #)#.# ## #)..# $ ###..## #.@..# #...## #..... #...#... ##.##..... ..# .... .## ... . ... Turn 4403 on D:6: silvery potion - curing #............ #....##...... ###..# ...### #.).# ..# #.#.# ..# #)#.# ## #)..# $ ###..## #.@..# #...## #..... #...#... ##.##..... ..# .... .## ... . ... Turn 4404 on D:6: white potion - flight #............ #....##...... ###..# ...### #.).# ..# #.#.# ..# #)#.# ## #)..# $ ###..## #.@..# #...## #..... #...#... ##.##..... ..# .... .## ... . ... Turn 4406 on D:6: murky clear potion - cancellation #.!..#......... #...##........# $ #.............# #...#.........# ##.##.........# #..##.........# #.###.........## #.#............##..# #...#.......@......# ##..##............... #...##............... #..###..........##### #..# ##......$.## #..# ##......## #..# ####.#... #.## ..#... #.# Turn 4510 on D:6: Book of Displacement #..###..........##### #..# ##......).## #..# ##......### #..# #####.#....... #.#####.....#....... #.###...#......##### #.##.........### .............# ####...@....# ............# ####........# #........# ########## Turn 4524 on D:6: +6 ring of strength in south. ......<...## #........... #.........## ##..........! ## #..........# ..# ...........# ..# ...).......#### ..> .####.###.....####.# .# #.## #......@..# ## #..###.........#### ##..##............# ##.##......####### #..##.....# ##.##.....# #.........# #.........# #....###### Turn 4593 on D:6: sapphire potion - ambrosia ......<...## #........... #.........## ##..........! ## #..........# ..# ...........# ..# ...).......#### ..> .####.###.....####.# .# #.## #......@..# ## #..###.........#### ##..##............# ##.##......####### #..##.....# ##.##.....# #.........# #.........# #....###### Turn 4594 on D:6: dark potion - mutation ......<...## #........... #.........## ##..........! ## #..........# ..# ...........# ..# ...).......#### ..> .####.###.....####.# .# #.## #......@..# ## #..###.........#### ##..##............# ##.##......####### #..##.....# ##.##.....# #.........# #.........# #....###### Turn 4595 on D:6: fuming brown potion - brilliance ......<...## #........... #.........## ##..........! ## #..........# ..# ...........# ..# ...).......#### ..> .####.###.....####.# .# #.## #......@..# ## #..###.........#### ##..##............# ##.##......####### #..##.....# ##.##.....# #.........# #.........# #....###### Turn 4596 on D:6: yellow potion - haste ######### #......... #......... #......... #######......... .###.....#......... .........#......... #.>..)#)........ #. ###..)))@###### ..#######....##### ..#.......#### ##### ......###.# #...# ...##.....# #...# .#...<.#### #...# ........# #...# ........# #...# ........# #...# Turn 4796 on D:6: fizzy emerald potion - degeneration .....(.... ##........ ........## #.##.....#..# .. #.#.....♣..♣ ##.####.#.....♣P♣♣# .......#.......§.## ##..........@♣ §§.. #...........###...# ##........≈≈..<....# ..........≈≈....# #............#### ....#..........#.### ... #..............# ..##.......##.... P≈§.##........# ##. Turn 5079 on D:7: Never seen the demonic trees before. ##.####.#.....♣§♣♣# .......#.$$....§§## ##.......$$..♣§§§.... #......§....###...#.. ##........≈≈..<....# .........§≈≈....##... ##.......§§§..#####... ....#..........#.####. ... #.....).@......# ..P§§##.......##.... P≈≈.##........#.##. #.≈≈P.........<# .PP...........## ..........###.# ....#..# ... ....#.. ..... ## ..#..#.... Turn 5134 on D:7: There's a jamboree of orcs, orc wizards, and minor demons. #.#######........)..♣§§§.... ..# #...........###...#.. P.### ##........≈≈..<....# ~~..##..........≈§....##... ~PP.P###............#####... ≈♣~P.P....#..........#.####. ♣≈~~PP..§.#.....)........# ♣♣≈~~...P..##.......##.... ~≈≈~PP.P≈≈.##...@....#.##. ~~~PPP#.≈≈P....$....<# . ~.P~P..PP...........## # ~P..............###.# ..###........#.l#....# ..# ##.....o#......... .######..###...#..#..... .##.##.##.#....#l.#.#... .#......#.....##.......?. Turn 5355 on D:7: First shadow slain. P≈≈.##).......#.##. .≈≈P.........<#..# P♣P .P...........##..# ..P. .........###.##.## #.... ......#..#....#..##..... ......#.........##...... ..###...#..#............ ##.#....#..#.#.......... .#.....##.......@....... ........#............... ........#............... .....#..........$...<..> .....#.....>............ .....##................. #....................... ............?........... ........ Turn 5469 on D:7: fizzy amethyst potion - invisibility .....###.##.####....♣.. ..#..#....#..##.......... ..#.........##..........# #...#..#................# ....#..#.#..............# ...##.................... ....#...............P... ....#...............♣.♣ .#..........)...@..>P♣ .#.....>............♣...# .##....................## .......................# ........?..............# .... .................># ........#........... .......####......... Turn 5486 on D:7: I think there's an unseen horror here. #..#.#...............#..## #######.............# ##...........# ##........... #..##.##...## ###......#.#..#.. ##......##........ #..........###.#.. #...#....^@# #.....#...##......≈ ###..###..# .##...≈ ### #... .. .5 ##....#. ######## Turn 5699 on D:7: Oh yeah. I found a manual of short blades on this floor. .♣♣#........## §§§##........## $ .. §§§...........# ... #...#..##.....#### K.KK ....##>..........###g..K .##...............#..gKK ####..................g. #.####........$..g..g... ....#..........$@....K.. #......$....##$##....... #.##......♣##...#...##.. #..###..♣P.##..##...# .# #..##...P...#.###...# ..# #.####....♣.....#.P.#..## #..##...............#...# ..##..........#.........# ..............###.....### ### Turn 5922 on D:7: Gnoll and kobold jamboree! #P~P~.~PPP...# #...... #.~~♣P~~~.~P.######...... #PP~~~≈~♣~~~~..##........ #.~~PP.~♣♣♣~~P.P###...... #.####~~P~≈≈♣~P.P....#... #...###P~~♣♣≈~~~P..§.#... ###...#.T~~♣♣≈~~...P§.##. ####.(.~~♣~≈≈~PP.P§≈.##[ .....~P@P♣~~~P~P#§§§P... .#..~P~~♣~~.P~P...P..... .~.P~~~♣~P~P............ #.~P~~♣~P..~..###........# #..~P~P~~P#...# ###......# #.P~P~~P.....######..###.. ~~..##..##.##.##.##.#... ...........#......#..... ###.####................ Turn 6302 on D:7: First troll in the west. # ############# # #...........# # #...........# # #.....##...######### # #.....##...#.......# ######## #.....##...#.......# #....... #.....##...#.@.....# #....... #......#...#.......####....... #......#...#####.............. #......#....'..#...))..####'## ########'####..#.......#.....# #.....##...##..#.......#.....# #......#.......#.......#.....# #......'...###'#.......#....)# #.....######...........#...... Turn 6685 on D:8: YDOESEISUQU - fear # ############# # #...........# # #...........# # #.....##...######### # #.....##...#.......# ######## #.....##...#.......# #....... #.....##...#.@.....# #....... #......#...#.......####....... #......#...#####.............. #......#....'..#...))..####'## ########'####..#.......#.....# #.....##...##..#.......#.....# #......#.......#.......#.....# #......'...###'#.......#....)# #.....######...........#...... Turn 6686 on D:8: NUINLA LOMOBRU - immolation # ############# # #...........# # #...........# # #.....##...######### # #.....##...#.......# ######## #.....##...#.......# #....... #.....##...#.@.....# #....... #......#...#.......####....... #......#...#####.............. #......#....'..#...))..####'## ########'####..#.......#.....# #.....##...##..#.......#.....# #......#.......#.......#.....# #......'...###'#.......#....)# #.....######...........#...... Turn 6687 on D:8: KEUXIE KIRAEH - magic mapping # ############# # #...........# # #...........# # #.....##...######### # #.....##...#.......# ######## #.....##...#.......# #....... #.....##...#.@.....# #....... #......#...#.......####....... #......#...#####.............. #......#....'..#...))..####'## ########'####..#.......#.....# #.....##...##..#.......#.....# #......#.......#.......#.....# #......'...###'#.......#....)# #.....######...........#...... Turn 6688 on D:8: NECZIRERUE - enchant weapon # ############# # #...........# # #...........# # #.....##...######### # #.....##...#§§§§§§§# ######## #.....##...#§§§§§§§# #....... #.....##...#§@§§§§§# #....... #......#...#§§§§§§§####....... #......#...#####§§§§§......... #......#....'..#.§§§§..####'## ########'####..#..§§§..#.....# #.....##...##..#...§§..#.....# #......#.......#....§..#.....# #......'...###'#.......#....)# #.....######...........#...... Turn 6689 on D:8: MUL AFOGGAE - scroll of poison # ############# # #...........# # #...........# # #.....##...######### # #.....##...#§§§§§§§# ######## #.....##...#§§§§§§§# #....... #.....##...#§@§§§§§# #....... #......#...#§§§§§§§####....... #......#...#####§§§§§......... #......#....'..#.§§§§..####'## ########'####..#..§§§..#.....# #.....##...##..#...§§..#.....# #......#.......#....§..#.....# #......'...###'#.......#....)# #.....######...........#...... Turn 6690 on D:8: JIWNEENASE - enchant armour # ############# # #...........# # #...........# # #.....##...######### # #.....##...#§§§§§§§# ######## #.....##...#§§§§§§§# #....... #.....##...#§@§§§§§# #....... #......#...#§§§§§§§####....... #......#...#####§§§§§......... #......#....'..#.§§§§..####'## ########'####..#..§§§..#.....# #.....##...##..#...§§..#.....# #......#.......#....§..#.....# #......'...###'#.......#....)# #.....######...........#...... Turn 6691 on D:8: DOBBIMPYUHI - blinking # ############# # #...........# # #...........# # #.....##...######### # #.....##...#§§§§§§§# ######## #.....##...#§§§§§§§# #....... #.....##...#§@§§§§§# #....... #......#...#§§§§§§§####....... #......#...#####§§§§§......... #......#....'..#.§§§§..####'## ########'####..#..§§§..#.....# #.....##...##..#...§§..#.....# #......#.......#....§..#.....# #......'...###'#.......#....)# #.....######...........#...... Turn 6692 on D:8: NELAZU WIOSAEKKI - vulnerability ######.#...# #......#.### #.######.# #......#.# #......#.# #.###.######.# #.............$ #####.######.. #YY.@.......## #.###.......# ###.##### ## Turn 8347 on D:9: First yaks! Southeast corner. #$.# #...##'### ..Z......# ##...# #...##'### ....W....# #..o.# #...#...#. #$#Z###### #..o.# #..)#...#. # #....####...#.)... #.............)... #...............#. #...[.......)...## #@................ #................# #...(............# #...##########.... #...# ####### ##### #...... #.##### #.#.... #.#.### Turn 8526 on D:9: First orc priest.

....#.......#...#...#....#...'...
#####.......#.......#....'...#...
............#.......#....###'#...
............#.##.##.#....#...#...
............#..##.###....#...#...
............#..##.###....#...#...
.####.......#..###.##....#...#...
....#.......#.##.).##....#...#...
....'.......#.##@§.##....'...'...
....#.......#.##...##....#...#..)
....#.......#.#######....#...#...
....#.......#..######....##..#...
....#.......'.......#.....####...
....#.......#####...#.....# #...
....#.......#..##...#.....# #...
....#.......'.......'.....# #...
....#.......#.......#.....# #...


Turn 10476 on D:8: My favorite vault. :) .$$$......# #..........# #...
.....$....# #......(...# #... ..........# #..........# #... ..........#
#..........# #... ..........############## ####... ..........##..........#
##...... ############..........####....... ## #..................... @#
#########....@........©.©..... '###................#############
....................#....!$$WOOO# ....................#.#..#.#..#.#
......)...##........#..##...##..# ......###.##..Z.....#..##...# ..# .@)...#
#..'........#.#..#.#. #.# ......# ####........#.....©... ©# ......#
#...#..#..############# Turn 10522 on D:9: Downhatch on D:8 leads to nearby
ghost vault. #...........# $ #...........# #...........# # #...........# .#
#...........# .# #..(........# ..# #...........###..#### #....................
#............@.##### #.######..###..# #.# #..# #..# #.# #..# #..# #.# #..# #..#
$ #.######..# #..# #.........# #$.. #.......... o$.. $ #.#####.## Turn 11071 on
D:10: First orc warrior. ##........ #........ ...#...# ... ......###### ###.. ##
##..........###..... ##.. ............... ... .....###....#....... ##..
..........#.......# ... ##......@.........#### #. #..........#........###.
#.C.##...........###..... ..# #..####..##...###... # #.......#..###..###.#
#.#####.....##....... #. ###...#..#.#... #. ###...##..... ....#####.... Turn
12398 on D:11: Cyclops! ...........#. #........... ...^....... .#........## ...
...........# . ..# #.#..........#..# #..##..#.............# ..............@...#
##..#.#.##.$........# ..........#........## ......$.............#
<#.h.[....#####....># .....^.h. #..!$.# .#....... ...#### ##.......... ..##
##########..... . Turn 12863 on D:11: Note: howler monkeys around a alarm trap
and gargoyle around center of floor. ########### #.........# #.........#
#.@.......# .... #.........# .... #.........# .....#.........#
..............#.....##### ..>#............##.## ......^.........#..#
....#........##...### .............##....# Turn 12965 on D:11: Alarm trap in
northeast corner too I guess. #######....# #.. #.#.## #.. #...#######.. ###
######...##.. #.( #.#.##.. ###.## #.#..'.. .... #...##.. #######
#.###########.##.# ......# #@............##.# ......# #######.#########.#
......#### ..................# .........# ##########..........#
.......#.####.......#...........# .......#...##.####.##..#........#
.......###.##.##.#.....#........# .......# #.##....####.##.......[# .......#
#.#####.# #....>......# Turn 14277 on D:12: metallic cyan potion - lignification
.$............#### #.............## #..........##.# ###..........####
#...........## . ##..........## ...##............### ...................#
.......@.....#.....## ............P##.....## ............####.....##
..........### ##.....## ..........# ##.....# >........## ##..... .........#
##.... ......#### ##... ##.. Turn 15594 on Lair:1: metallic black potion -
berserk rage ..# #### ...##...Y.## .....#...( .# ......#..Y .# ....♣..#.##.##
.........#.♣.## ........#.Y...# ..♣.<.♣...S@.♣ ........#.....# ........##.♣.##
.#..♣..####### ......# .....# ♣.... ...# ..# Turn 15801 on Lair:2: Death yaks.
################## #................# #................# ##................##
#P.................# ##..............@..# #.#................#
....................# ....................# ......................
....................... ........................ ......................>.
.............. Turn 16894 on Lair:1: RIUTZO QULAOTU - amnesia ##################
#................# #................# ##............§§§§## #P............§§§§§#
##............§§@§.# #.#............§§§§# ................§§..#
....................# ...................... .......................
........................ ......................>. .............. Turn 16895 on
Lair:1: VAOPLA IMAQIOR - fog ####### ############# ##.#.#.###P#..##P...##
##.............<....... ##...................... #......#..######........
.......@### #.###.#.. ........# ##..####. >^......# ......#.. ........#
#.....)...... .......## ##............ ....... #.>........... .......
##............. ....... #P............. #.............. Turn 18072 on Lair:2:
Book of Fire #.................... #....########.#PP##.. #...## ######### #.####
# #....# ## #....# #. ####.# ## #<# # ##@# # #..# ##.# #.##### #....P# ##...##
##....# ## ###°....##### ###.# #.^^....##PP##.#..## Turn 18721 on Lair:3:
Spider's Nest is going to be a problem. #### ### ####..####### ###.##
######P#....##.#.###....# #.......................# #.......@$l............##
#....########.#PP##...... #...## #########.... #.#### #.... #....# ##.... #....#
#...## ####.# ##..#. #<# #.... ##.# ##... Turn 19086 on Lair:3: FIRST HYDRA KILL
#.......P# #........... #..._...#### #.......# ##......## #.....#.# ###...###
###...## #...@..# #......# #......# #......# #......# #......+ .......#$
##......# $ Turn 19749 on Lair:4: amulet of guardian spirit - thick citrine
amulet #.....#.# ###...### ###...## #......# ### #......# ..##. #......#
###...... #......# #.#...8.. #......########.#...... ##......@hP#.......8...8
#.......#hS...h#........ ##......##.#...'.h...8.. #<.....####.#.P#.......
#......## ######...#.#. #.......# ...# ##.###### $..## ### ..# .#. Turn 19800 on
Lair:4: Freaking black mamba. ..#...#.#.............. ##(....................
...........[....<...... #.#................... ###.................
#................. ######..........#.....# ..#...#......!...##....##
........@.......####..## ........#..#..... #...# .........#.#...$#. ####
..P..P..####P.... .#####... ##...# ##.. ..... ##.# ##... ## Turn 21181 on
Lair:5: pink potion - heal wounds ♣♣♣♣ ♣♣♣♣ ♣..♣♣♣.~~~~..$ ♣♣♣.~♣..~≈≈≈≈≈
♣♣..~...~≈≈≈≈≈ ♣♣~.~≈≈~≈≈≈≈~≈≈ $ ♣♣...≈..~≈≈~~.≈~ ≈.:♣ ♣..~.~~..~~..~~ ≈≈~♣
♣♣~≈♣~.....$♣ ♣♣♣♣≈≈~ ♣~≈≈♣♣♣.?((@♣ ♣♣~♣.~$ ♣~~≈~♣♣(..$(♣♣♣~~♣~~
♣♣.~~~♣♣♣.♣♣♣P~≈~~. ♣...~~♣♣♣♣♣.~≈...♣♣♣ ♣♣♣..~.♣♣♣..≈....♣.♣
♣♣.♣~≈~~(≈♣.♣♣♣..♣♣#### ♣...~.~.≈♣♣♣.....♣#..### ♣♣....P♣~~♣♣..♣♣♣♣#.#..P
♣♣..♣..♣.~≈♣♣♣♣♣♣...... Turn 23008 on Lair:5: inky potion attraction ♣♣♣♣
♣♣♣♣♣♣♣♣♣♣ ♣..♣♣♣.~~~~..$♣ ♣♣♣.~♣..~≈≈≈≈≈~.. ♣♣..~...~≈≈≈≈≈≈~~~
♣♣~.~≈≈~≈≈≈≈~≈≈~~.. $ ♣♣...≈..~≈≈~~.≈~...≈.:♣ ♣..~.~~..~~..~~.♣ ≈≈~♣
♣♣~≈♣~......♣.♣♣♣♣♣≈≈~ ♣~≈≈♣♣♣.@((!♣♣♣♣~♣.~$ ♣~~≈~♣♣(...(♣♣♣~~♣~~
♣♣.~~~♣♣♣.♣♣♣P~≈~~. ♣...~~♣♣♣♣♣.~≈...♣♣♣ ♣♣♣..~.♣♣♣..≈....♣.♣
♣♣.♣~≈~~(≈♣.♣♣♣..♣♣### ♣...~.~.≈♣♣♣.....♣#.. ♣♣....P♣~~♣♣..♣♣♣♣#.#
♣♣..♣..♣.~≈♣♣♣♣♣♣... Turn 23023 on Lair:5: Lair endvault: dragon swamp ♣♣♣♣
♣♣♣♣♣♣♣♣♣♣ ♣..♣♣♣.~~~~..$♣ ♣♣♣.~♣..~≈≈≈≈≈~.. ♣♣..~...~≈≈≈≈≈≈~~~
♣♣~.~≈≈~≈≈≈≈~≈≈~~.. $ ♣♣...≈..~≈≈@~.≈~...≈.:♣ ♣..~.~~..~~..~~.♣≈♣≈≈~♣
♣♣~≈♣~......♣.♣♣♣♣♣≈≈~ ♣~≈≈♣♣♣..((!♣♣♣♣~♣.~$ ♣~~≈~♣♣....(♣♣♣~~♣~~
♣♣.~~~♣♣♣.♣♣♣P~≈~~. ♣...~~♣♣♣♣♣.~≈...♣♣♣ ♣♣♣..~.♣♣♣..≈....♣.♣
♣♣.♣~≈~~(≈♣.♣♣♣..♣♣#### Turn 23030 on Lair:5: KAMMEMEYRCH - summoning ♣♣♣♣
♣♣♣♣♣♣♣♣♣♣ ♣..♣♣♣.~~~~...♣♣♣ ♣.~♣..~≈≈≈≈≈~...♣♣ .~...~≈≈≈≈≈≈~~~..♣
~≈≈~≈≈≈≈~≈≈~~..P.♣ ≈..~≈≈~~.≈~...≈.@♣ #### ~~..~~..~~.♣≈♣≈≈~♣ ####.#.
~......♣.♣♣♣♣♣≈≈~♣ ###.P##.. ♣♣..((!♣♣♣♣~♣.~$.♣ #.......# ♣♣....(♣♣♣~~♣~~.♣♣
##........ ~♣♣♣.♣♣♣P~≈~~..♣♣ #P........ ~~♣♣♣♣♣.~≈...♣♣♣ #.........
.~.♣♣♣..≈....♣.♣ ##........ .♣~≈~~(≈♣.♣♣♣..♣♣#### #......... Turn 23168 on
Lair:5: Everburning Ecnyclopedia: Ignite Poison, Sticky Flame, and Ignition
#..#P......P............... ###.P..##.PP..#####........ #..PP.....#...##
#P#...##. #.....#...#....# ####..### ##...#.#####..## ##..### ##..#..########.#
##...#.# #..#######..###### #..#...# #...# ##....# #.## ####[#.# ##..## #...@.#
##.# #..#.# ##..# #....## #..######.##. #...####..## #............ ###...#+###
##.P.#..#<... ##...## #.####...... ##8..# ### #..##P(. ....## #####.P. #...###
#.### ....# ### Turn 23330 on Lair:5: Plasma Beam used three times on ice dragon
to get to its gold hoard. ##.# ##.#. .##.#.. .......#### ######.......#.#
##...## #......## #.ww..##.##.....#### #.ky[# ###.....## #.@### ####..#.....
#)...###P....##.... ##..........######. ###....##### #.# ###### ### Turn 23423
on Lair:5: Lair endvault: creepy crawlies #................. #................)
#........P#....##. #.........#...#### ###..####.###..# ###### ### #### ##..##
###### ##..[.# ##....### #..@..## #.......# ##.....# #.......# #....###
##"...[## #...### ##.#...P# #..##.# ##.#....## ##...####.#...### ##...##.#...##
#.#........#### ######.......#.# Turn 24018 on Lair:5: All that for a potion of
ambrosia and +0 leather armour with rF+. ###~## #....# ##~~~## .[....)#####
##....## #~~~~~## ...........# #....... ~~~~~~~## ..........# #.######
~~~~~~~~## #........####.#....< ~~~~~~~~~# #........'..#.#.###. ~~~~~~~~##
#........##.#.#.###. ~~~~~~~## #........'........#. ~~~~~~##
#..@.....##.#.#...#. ~~~~~####### #........##.#.###### ~..~.......#
#........'..#....... ###.######.# #........##########. ###'### #.# #........#
##... ......# #.# #........# #.... ......# #.# #........# #..#. ......####.#
#####'#### ##..#. ...........## #. #...## Turn 25737 on D:13: Book of Iron # ###
# #.. ###############################.. ~##..).).)....................'..
~~#.###########################.. ~~~.# #.. ~~~~# ### #.. ~~~~###~## ##########
#.. ~~~~##~~~## #..@....)##### ##.. ~~~##~~~~~## #............# #...
~~##~~~~~~~###............# #.## ~.#~~~~~~~~~######........####.#.
#.~~~~~~~~~~~# #........'..#.#. #.~~~~~~~~~~## #........##.#.#. #~~~~~~~~~~##
#........'...... ~~~~~~~~~~## #........##.#.#. ~~~~~~~~~####### #........##.#.##
Turn 25744 on D:13: Hoo boy. This is found in the center of the floor that can
be accessed from the south or east; Passwall could work too I guess.

Levels and vault maps discovered:
D:1:      psy_arrival_basics, layout_basic, chequers_ecumenical_altar_grove
D:2:      layout_basic, kennysheep_jessica_study, uniq_robin, uniq_sigmund
D:3:      layout_loops_corners, hangedman_abyss_or_decor_lesser_grid,
          minmay_misc_feat_iff, uniq_terence
D:4:      layout_loops_ring, marbit_many_paths, temple_green,
          gup_ossuary_entry_pyramid, grunt_decor_mini_mirrors, feat_on_display
D:5:      layout_rooms, lemuel_tele_altar, st_stairs_2
D:6:      layout_rooms
D:7:      layout_cave_pools, old_standard_altar, mainiacjoe_overflow_boulevard,
          mainiacjoe_overflow_six_doors_small, serial_demonic, serial_demonic_g,
          serial_demonic_b, serial_demonic_e, serial_demonic_d,
          serial_demonic_c, serial_demonic_g, serial_demonic_c,
          serial_demonic_g, serial_bayou_lagoon_a, minmay_manual_monstrance
D:8:      minmay_bloctagon_deflated, layout_gridville, grunt_ogre_cave,
          uniq_prince_ribbit1
D:9:      hangedman_screamer, layout_basic, gammafunk_ghost_smash,
          serial_bayou_crossing
D:10:     layout_small_grid, trog_hazing_becter, lemuel_doored_altar,
          elyvilon_altar_4, due_lair_maze_entry_diamond
D:11:     layout_rooms, nicolae_trove_entry_crossroad, uniq_maurice
D:12:     layout_basic, david_orc_4, uniq_nergalle, uniq_lodul
D:13:     layout_basic, pond, uniq_rupert
D:14:     layout_irregular_city, david_vaults_1,
          hangedman_abyss_or_decor_stagger, serial_shops, shop,
          kennysheep_small_spiral, uniq_frances
Temple:   minmay_temple_curvy_branch
Lair:1:   layout_hall_layers
Lair:2:   layout_cave_pods, serial_bayou_shore_b, lemuel_fruit_tree,
          grunt_megastairs_3, serial_bayou_shore_a, infiniplex_staircase_pool,
          uniq_sonja
Lair:3:   layout_gridlike, palyth_hydra_swamp_entry,
          spider_nest_entry_funnel_web, uniq_amaemon
Lair:4:   layout_roguey, basic_altar, serial_bayou_shore_b, grunt_megastairs_4
Lair:5:   guppyfry_lair_end_dragon, layout_gridlike, wormcave, slime_entry_1

Skill      XL: |  1  2  3  4  5  6  7  8  9 10 11 12 13 14 15 |
---------------+----------------------------------------------+-----
Air Magic      | 5 7 8 9 11 13 16 17 | 17.0
Stealth        | 3 4 |  4.0
Conjurations   | 3 4 5 |  5.0
Fighting       | 1 2 3 4 6 7 9 10 | 10.2
Spellcasting   | 4 5 7 9 11 | 11.0
Dodging        | 3 4 5 7 10 13 | 13.8
Staves         | 1 7 10 | 10.0
Evocations     | 1 |  1.4
Translocations | 1 |  1.0
Fire Magic     | 2 6 8 |  8.0

Action                     |  1- 3 |  4- 6 |  7- 9 | 10-12 | 13-15 || total
---------------------------+-------+-------+-------+-------+-------++-------
  Melee: Unarmed           |     4 |       |       |       |       ||     4
         Whip              |     3 |       |       |       |       ||     3
         Punch             |     1 |     2 |     1 |     1 |       ||     5
         Dagger            |    29 |    75 |    86 |    43 |       ||   233
         Kick              |     6 |    16 |    54 |    92 |   268 ||   436
         Peck              |     3 |    16 |    29 |    64 |   149 ||   261
         Short sword       |       |       |    96 |    67 |       ||   163
         Quarterstaff      |       |       |       |   105 |   533 ||   638
  Throw: Throwing net      |       |       |       |       |     2 ||     2
         Dart              |       |       |       |       |     1 ||     1
   Cast: Shock             |    23 |    19 |    62 |   167 |   160 ||   431
         Static Discharge  |     3 |    11 |    28 |    74 |   132 ||   248
         Airstrike         |       |       |    35 |   170 |   217 ||   422
         Blink             |       |       |       |       |     2 ||     2
         Plasma Beam       |       |       |       |       |    23 ||    23
         Fireball          |       |       |       |       |     1 ||     1
         Swiftness         |       |       |       |       |     1 ||     1
 Invoke: Potion Petition   |       |       |       |       |     1 ||     1
  Evoke: Wand              |       |       |       |    13 |    10 ||    23
    Use: Potion            |     1 |       |     1 |     5 |     7 ||    14
         Scroll            |       |     3 |    10 |    12 |    13 ||    38
   Stab: Sleeping          |     1 |    16 |     8 |       |     2 ||    27
         Distracted        |       |       |     1 |     1 |     2 ||     4
         Held in net/web   |       |       |       |       |     2 ||     2
 Armour: Robe              |     6 |    19 |    83 |   122 |   144 ||   374
  Dodge: Dodged            |    21 |    38 |   175 |   264 |   579 ||  1077
